Map: Old Republic LE

Players

AzureWhale - Winner!

  • Race: Terran Terran
  • League: Platinum
  • Spawn Location: 1:00

SCIInewby

  • Race: Terran Terran
  • League: Master
  • Spawn Location: 7:00

VOD

Have the link to the VOD?

Description

Time

  • Played on: Feb. 6, 2026, 2:42 p.m.
  • Length: 3:24
Show
View Real Time Build Order
Export as new Build Order

AzureWhale Terran - Winner!

Build Orders:  

Get SALT Encoding   

  12  0:08  SCV  
  13  0:19  Supply Depot  
  13  0:20  SCV  
  14  0:36  SCV  
  15  0:47  Barracks  
  15  0:55  Barracks  
  15  1:01  SCV  
  16  1:13  SCV  
  17  1:22  Supply Depot  
  17  1:25  SCV  
  18  1:34  Marine  
  18  1:36  Barracks  
  19  1:42  Marine  
  20  1:52  Marine  
  21  1:59  Marine  
  22  2:10  Marine  
  23  2:17  Marine  
  24  2:28  Barracks, Marine x2  
  26  2:35  Marine  
  27  2:46  Marine x2  
  28  2:53  Marine  
  29  3:04  Marine  
Show
View Real Time Build Order
Export as new Build Order

SCIInewby Terran 

Build Orders:  

Get SALT Encoding   

  12  0:01  SCV  
  13  0:13  SCV  
  14  0:19  Supply Depot  
  14  0:25  SCV  
  15  0:40  SCV  
  16  0:43  Barracks  
  16  0:48  Supply Depot  
  16  0:52  SCV  
  17  1:02  Refinery  
  17  1:05  SCV  
  18  1:17  SCV  
  19  1:25  Barracks  
  19  1:29  SCV  
  20  1:33  Engineering Bay  
  20  1:38  Refinery  
  20  1:43  SCV  
  21  1:55  SCV  
  22  2:01  Supply Depot  
  22  2:07  SCV  
  23  2:11  Marine  
  23  2:15  Barracks Tech Lab  
  24  2:28  Marine  
  20  2:37  Marine  
  20  2:43  SCV  
  18  2:46  Marine  
  18  2:55  SCV, Marine  
  19  3:00  Bunker  
  19  3:04  Marine  
  19  3:07  SCV  
Tags
 
Matchup
TvT
Race
Terran
Replay Pack
Multiplayer
Spawn Locations
Cross Positions
Add a new tag
Caveats
  • Supply blocks, unpowered buildings, or Contaminate may cause inaccurate times.
  • Supply counts are checked every 10 seconds.